 Dungeon Crawl Stone Soup version 0.24.0-13-gcf9b319 (webtiles) character file.

Game seed: 12761986043504036236, levelgen mode: deterministic

98 CBukowski the Poker (level 4, -1/34 HPs)
             Began as a Merfolk Skald on Nov 11, 2019.
             Slain by a worker ant (2 damage)
             ... on level 3 of the Dungeon.
             The game lasted 00:14:14 (2331 turns).

CBukowski the Poker (Merfolk Skald)                 Turns: 2331, Time: 00:14:15

Health: -1/34      AC:  6    Str: 11    XL:     4   Next: 69%
Magic:  2/7        EV: 12    Int: 13    God:
Gold:   153        SH:  0    Dex: 13    Spells: 4/7 levels left

rFire    + . .     SeeInvis .   a - +0 spear
rCold    . . .     Gourm    .   (no shield)
rNeg     + . .     Faith    .   b - +0 leather armour
rPois    .         Spirit   .   (no helmet)
rElec    .         Reflect  .   n - +2 cloak
rCorr    .         Harm     .   (no gloves)
MR       .....                  (no boots)
Stlth    +.........             (no amulet)
HPRegen  0.11/turn              e - ring of positive energy
MPRegen  0.10/turn              g - ring of protection from fire

@: lethally poisoned (-1 -> -10), infused
A: change form in water, swift swim, stealthy swim
a: no special abilities


You were on level 3 of the Dungeon.
You were not hungry.

You visited 1 branch of the dungeon, and saw 3 of its levels.

You collected 153 gold pieces.

Inventory:

Hand Weapons
 a - a +0 spear (weapon)
Missiles
 i - 5 curare-tipped darts (quivered)
 o - 8 poisoned darts
Armour
 b - a +0 leather armour (worn)
 n - a +2 cloak (worn)
Jewellery
 e - a ring of positive energy (left hand)
 f - an uncursed ring of positive energy
 g - a ring of protection from fire (right hand)
Scrolls
 c - 4 scrolls of identify
 h - a scroll of remove curse {unknown}
Potions
 j - a potion of degeneration {unknown}
 k - a potion of brilliance
Comestibles
 d - 5 rations


   Skills:
 + Level 2.4 Fighting
 + Level 4.5 Polearms
 + Level 1.2 Armour
 + Level 3.1 Dodging
 + Level 0.6 Stealth
 + Level 2.4 Spellcasting
 + Level 4.0 Charms


You had 4 spell levels left.
You knew the following spells:

 Your Spells              Type           Power        Failure   Level  Hunger
a - Infusion              Chrm           ##..         6%          1    #......
b - Shroud of Golubria    Chrm/Tloc      #.....       22%         2    ###....

Your spell library contained the following spells:

 Spells                   Type           Power        Failure   Level  Hunger
 Song of Slaying          Chrm           ##......     9%          2    ###....
 Regeneration             Chrm/Necr      #.........   38%         3    ###....
 Spectral Weapon          Hex/Chrm       #.......     38%         3    ###....


Dungeon Overview and Level Annotations

Branches:
Dungeon (3/15)

Altars:
The Shining One


Message History

The worker ant misses you. The worker ant bites you.
* * * LOW HITPOINT WARNING * * *
You are lethally poisoned!
The worker ant poisons you!
You barely miss the worker ant.
The worker ant is moderately wounded.
* * * LOW HITPOINT WARNING * * *
You feel sick.
The worker ant bites you but does no damage.
The worker ant barely misses you.
You hit the worker ant but do no damage.
The worker ant is moderately wounded.
* * * LOW HITPOINT WARNING * * *
You feel sick.
You hit the worker ant but do no damage.
The worker ant is moderately wounded.
* * * LOW HITPOINT WARNING * * *
You feel sick. The worker ant bites you.
You die...

.#..####...........
...........#####.#
#..###..##.# ...#
##.##.###.#
####....#...#
#...........#######
.........##........##
..........#..)).....#
..........#..@a......
b.........#..........
.........)#..........
..........#..........
#..........
##........#
#........# ..........


You could see a worker ant.

Vanquished Creatures
  Jessica (D:2)
  3 adders
  3 dart slugs
  A leopard gecko (D:2)
  An orc (D:3)
  3 giant cockroaches
  4 goblins
  4 hobgoblins
  2 jackals (D:2)
  4 bats (D:1)
  5 frilled lizards
  7 kobolds
  A rat (D:2)
39 creatures vanquished.

Notes
Turn   | Place    | Note
-------+----------+-------------------------------------------
     0 | D:1      | CBukowski the Merfolk Skald began the quest for the Orb.
     0 | D:1      | Reached XP level 1. HP: 16/16 MP: 3/3
   301 | D:1      | Reached XP level 2. HP: 22/22 MP: 5/5
   645 | D:1      | Learned a level 2 spell: Shroud of Golubria
  1199 | D:2      | Reached XP level 3. HP: 27/27 MP: 2/6
  1708 | D:2      | Noticed Jessica
  1721 | D:2      | Killed Jessica
  1721 | D:2      | Reached skill level 1 in Armour
  1721 | D:2      | Reached XP level 4. HP: 33/34 MP: 3/7
  1844 | D:2      | Found a glowing golden altar of the Shining One.
  2331 | D:3      | HP: 1/34 [poisoned by a worker ant]
  2331 | D:3      | Slain by a worker ant

Levels and vault maps discovered:
D:1:      psy_arrival_radial01, layout_basic
D:2:      layout_loops_ring, tso_metal_star, first_ration, uniq_jessica
D:3:      layout_rooms, nemelex_dance_club_becter

Skill      XL: |  1  2  3 |
---------------+----------+-----
Dodging        | 3 |  3.1
Polearms       | 4 |  4.5
Armour         | 1 |  1.2
Charms         | 4 |  4.0
Fighting       | |  2.4
Stealth        | |  0.6
Spellcasting   | |  2.4

Action                   |  1- 3 |  4- 6 || total
-------------------------+-------+-------++-------
Melee: Spear             |   106 |    56 ||   162
 Cast: Infusion          |     9 |     3 ||    12
  Use: Scroll            |       |     1 ||     1
       Potion            |       |     1 ||     1
 Stab: Sleeping          |       |     1 ||     1
  Eat: Ration            |     1 |       ||     1
       Chunk             |       |     1 ||     1
Armor: Leather armour    |    18 |    14 ||    32
Dodge: Dodged            |    49 |    47 ||    96
